 Dungeon Crawl Stone Soup version 0.28-a0-8-g6e044cfa68 (webtiles) character file.

Game seed: 15672593323993551999

46 ezpacito the Skirmisher (level 3, -1/43 HPs)
             Began as a Demonspawn Abyssal Knight on July 24, 2021.
             Was a Believer of Lugonu.
             Slain by a gnoll (3 damage)
             ... on level 2 of the Dungeon.
             The game lasted 00:02:55 (1722 turns).

ezpacito the Skirmisher (Demonspawn Abyssal Knight) Turns: 1722, Time: 00:02:55

Health: -1/43      AC: 21    Str: 12    XL:     3   Next: 46%
Magic:  5/5        EV:  2    Int: 19    God:    Lugonu [**....]
Gold:   107        SH:  0    Dex: 13    Spells: 2/2 levels left

rFire   . . .      SeeInvis .   a - +1 hand axe
rCold   . . .      Faith    .   (no shield)
rNeg    + + +      Spirit   .   (armour currently unavailable)
rPois   +          Reflect  .   (helmet currently unavailable)
rElec   .          Harm     .   (cloak currently unavailable)
rCorr   .          Rampage  .   (gloves currently unavailable)
Will    .....      NoTele   +   (boots currently unavailable)
Stlth   +.........              (no amulet)
HPRegen 0.14/turn               f - ring of poison resistance
MPRegen 0.18/turn               g - +6 ring of intelligence

@: tree-form
A: stationary, stasis, torment immunity, boosted hp, repulsion field 1, magic
regeneration
a: Renounce Religion, Depart the Abyss, Bend Space


You were on level 2 of the Dungeon.
You worshipped Lugonu.
Lugonu was pleased with you.
You were a tree.
You visited 1 branch of the dungeon, and saw 3 of its levels.
You visited the Abyss 1 time.

You collected 107 gold pieces.

Inventory:

Hand Weapons
 a - a +1 hand axe (weapon)
 d - a +3 short sword
Missiles
 c - 123 stones
Armour
 b - a +0 leather armour
 k - a +0 scale mail (melded)
Jewellery
 f - a ring of poison resistance (left branch)
 g - a +6 ring of intelligence (right branch)
Scrolls
 j - a scroll of teleportation


   Skills:
 + Level 3.6 Fighting
 + Level 2.3 Axes
 + Level 2.1 Armour
 * Level 1.3 Dodging
 + Level 2.7 Invocations


You had 2 spell levels left.
You didn't know any spells.
Your spell library was empty.

Dungeon Overview and Level Annotations

Branches:
Dungeon (3/15)

Altars:


Innate Abilities, Weirdness & Mutations

You are a tree.
Your roots penetrate the ground, keeping you stationary.
You cannot be teleported.
You are immune to unholy pain and torment.
Your maximum health is greatly increased.
Your equipment is partially melded.
You are surrounded by a mild repulsion field. (EV +2)
You regenerate magic rapidly.


Message History

The gnoll hits you but does no damage.
The gnoll hits you from afar with a +0 halberd.
You swing at nothing.
The gnoll hits you but does no damage. x2
You swing at nothing.
The gnoll hits you from afar with a +0 spear.
The gnoll hits you but does no damage. x2
You swing at nothing.
The gnoll hits you but does no damage. x2
The gnoll hits you from afar with a +0 halberd.
The gnoll hits you with a +2 whip of venom.
You hit the gnoll.
The gnoll hits you but does no damage. x3
You closely miss the gnoll.
The gnoll hits you from afar with a +0 spear.
The gnoll barely misses you.
The gnoll hits you with a +2 whip of venom.
You hit the gnoll.
The gnoll hits you but does no damage. x2
The gnoll hits you with a +2 whip of venom.
You hit the gnoll but do no damage.
The gnoll hits you but does no damage. x2
The gnoll hits you with a +2 whip of venom.
The gnoll hits you but does no damage.
You barely miss the gnoll.
The gnoll is moderately wounded.
The gnoll barely misses you. The gnoll hits you but does no damage.
The gnoll barely misses you. The gnoll hits you but does no damage.
The gnoll hits you with a +2 whip of venom.
* * * LOW HITPOINT WARNING * * *
You feel better. The gnoll completely misses you.
The gnoll hits you from afar with a +0 halberd!
* * * LOW HITPOINT WARNING * * *
The gnoll hits you but does no damage.
As you read the scroll labelled UNNU LYAFARGH, it crumbles to dust.
You feel aware of your surroundings.
It was a scroll of magic mapping.
The gnoll hits you but does no damage.
The gnoll hits you from afar with a +0 halberd.
* * * LOW HITPOINT WARNING * * *
The gnoll hits you but does no damage.
You slash the gnoll!
You kill the gnoll!
Lugonu accepts your kill.
The gnoll hits you from afar with a +0 spear.
You die...

.......#...##.##.................
.......#.........................
....................###..........
#...................# #.g........
#.................### #g.........
..................# #..........
#.................# #..........
,,,,,,...#......#######..........
,,,,,,,..#......♣.....#..........
,,,,,,,,,#......).....#..........
,,,,,,,,,#.......gg...#..........
,,,,,,,,,#.................######
,,,**,,,*#.................#
*,,**,,,...................####
,,,**,,,......................#
,,,****,,.....................#
,.,,,,,,,........)............#**


You could see 2 gnolls.

Vanquished Creatures
  A gnoll (D:2)
  3 ball pythons
  8 bats
  An endoplasm (D:1)
  A giant cockroach (D:1)
  6 hobgoblins
  2 jackals (D:1)
  A quokka (D:1)
  3 frilled lizards
  4 goblins (D:1)
  7 kobolds
  5 rats
42 creatures vanquished.

Notes
Turn   | Place    | Note
-------+----------+-------------------------------------------
     0 | Abyss:1  | ezpacito the Demonspawn Abyssal Knight began the quest for
                  | the Orb.
     0 | Abyss:1  | Reached XP level 1. HP: 18/18 MP: 2/2
    57 | Abyss:1  | Noticed a ynoxinul
    67 | Abyss:1  | Noticed a large abomination
   116 | D:1      | Escaped the Abyss
   294 | D:1      | Found a faded altar of an unknown god.
   330 | D:1      | Reached * piety under Lugonu
   367 | D:1      | Gained mutation: You are surrounded by a mild repulsion
                  | field. (EV +2) [demonic ancestry]
   367 | D:1      | Reached XP level 2. HP: 21/24 MP: 3/3
   687 | D:1      | Reached skill level 1 in Dodging
   825 | D:1      | Gained mutation: You regenerate magic rapidly. [demonic
                  | ancestry]
   825 | D:1      | Reached XP level 3. HP: 27/29 MP: 3/5
  1133 | D:2      | Reached ** piety under Lugonu
  1721 | D:2      | HP: 2/43 [gnoll (6)]
  1722 | D:2      | Slain by a gnoll

Illustrated notes

Levels and vault maps discovered:
D:1:      sevenhm_arrival_forest_fort_large_4, layout_basic,
          chequers_ecumenical_altar_simple
D:2:      layout_basic
D:3:      layout_basic, overflow_temple_1_default,
          lemuel_coloured_pillars_altar, grunt_temple_overflow_open,
          amcnicky_mini_rare_corridor_liquid

Skill      XL: |  1  2 |
---------------+-------+-----
Armour         | 2 |  2.1
Axes           | 2 |  2.3
Dodging        | 1 |  1.3
Fighting       | |  3.6
Invocations    | |  2.7

Action                   || total
-------------------------++-------
Melee: Hand axe          ||    99
Invok: Depart the Abyss  ||     1
  Use: Potion            ||     5
       Scroll            ||     2
 Stab: Sleeping          ||     1
Armor: Leather armour    ||    44
       Skin              ||    25
       Scale mail        ||     1
Dodge: Dodged            ||    92

Table legend: (Time is in decaauts)
 A = Elapsed time spent in this place.
 B = Non-inter-level travel time spent in this place.
 C = Inter-level travel time spent in this place.
 D = Time resting spent in this place.
 E = Time spent auto-exploring this place.
 F = Levels seen in this place.
 G = Mean time per level.
                   A        B        C        D        E       F      G
               +--------+--------+--------+--------+--------+-----+--------+
         Total |   1742 |   1699 |     43 |    148 |   1171 |   4 |  435.5 |
       Dungeon |   1626 |   1583 |     43 |    148 |   1114 |   3 |  542.0 |
         Abyss |    116 |    116 |      0 |      0 |     57 |   1 |  116.0 |
               +--------+--------+--------+--------+--------+-----+--------+

Top non-repeatable levels by time:
     D:1: 1001 daAuts
     D:2: 381 daAuts
     D:3: 243 daAuts
 Abyss:1: 116 daAuts
